AoeStats
← Basado Basadez

Nomad

509723374Analyzed
3v3 RM · 3d ago on Sep 27, 2026· 43m 23s· 6 players
Game mode
Random Map
Map size
210×210
Population
200
Speed
Normal
Resources
Standard
Victory
Conquest
Starting age
Dark Age
Ending age
Imperial Age
RankedLock teamsTeams togetherTeam positionsShared explorationLock speedFull tech treeHidden civsTurbo modeCheats
Victory
Defeat
🇪🇸 Ethiopians · Spain
1142
+15
🇨🇦 Vietnamese · Canada
1112
+16
🇩🇪 Poles · Germany
1032
+20
🇬🇧 Cumans · United Kingdom
1109
-17
🇪🇸 Teutons · Spain
1108
-17
🇪🇸 Huns · Spain
1108
-17
Barrios
4:50 Loom
14:08 Feudal Age
15:47 Fishing Lines
16:43 Double-Bit Axe
21:35 Castle Age
19:45 Fletching
20:09 Gold Mining
20:44 Horse Collar
23:37 Medium Warships
26:24 Bow Saw
26:17 Crossbowman
28:18 Wheelbarrow
28:48 Thumb Ring
30:29 Bodkin Arrow
33:32 Ballistics
35:09 Forging
38:08 Gillnets
41:37 Imperial Age
41:08 Town Watch
42:23 Heavy Plow
41:55 Arbalester
42:46 Squires
42:31 Arson
43:19 Hand Cart
44:16 Chemistry
Laying Down
10:21 Loom
14:28 Feudal Age
20:16 Castle Age
18:41 Double-Bit Axe
19:03 Horse Collar
20:58 Forging
24:43 Husbandry
26:33 Bloodlines
26:29 Scale Barding Armor
30:15 Bow Saw
31:16 Heavy Plow
31:16 Gold Mining
34:04 Town Watch
38:06 Imperial Age
36:59 Iron Casting
36:52 Stone Mining
37:29 Chain Barding Armor
37:05 Light Cavalry
37:49 Scale Mail Armor
37:56 Squires
37:44 Arson
38:39 Stone Shaft Mining
38:18 Winged Hussar
40:20 Crop Rotation
42:50 Blast Furnace
BiggM4k
6:16 Loom
14:38 Feudal Age
16:13 Fletching
17:22 Stone Mining
21:05 Double-Bit Axe
25:36 Castle Age
23:46 Horse Collar
24:32 Gold Mining
25:41 Fishing Lines
26:43 Town Watch
29:05 Bodkin Arrow
29:28 Bow Saw
30:46 Padded Archer Armor
35:26 Ballistics
38:09 Leather Archer Armor
41:35 Imperial Age
39:12 Heavy Plow
44:23 Wheelbarrow
Goroez
7:05 Loom
14:26 Feudal Age
16:50 Scale Barding Armor
16:56 Forging
24:03 Castle Age
24:56 Town Watch
26:45 Wheelbarrow
26:29 Double-Bit Axe
28:38 Hand Cart
30:42 Fletching
32:06 Horse Collar
32:56 Town Patrol
32:57 Gold Mining
33:34 Husbandry
35:07 Heavy Plow
35:29 Bloodlines
36:34 Chain Barding Armor
40:00 Iron Casting
39:23 Bodkin Arrow
45:27 Imperial Age
Basado Basadez
14:26 Loom
17:05 Feudal Age
23:02 Wheelbarrow
25:07 Castle Age
24:56 Horse Collar
25:40 Scale Barding Armor
25:46 Town Watch
26:58 Forging
26:49 Double-Bit Axe
29:10 Bow Saw
33:42 Heavy Plow
35:09 Hand Cart
34:56 Town Patrol
36:03 Iron Casting
36:13 Fletching
36:39 Bloodlines
36:52 Chain Barding Armor
42:12 Imperial Age
43:15 Conscription
43:02 Elite Steppe Lancer
The Bear Jew
5:35 Loom
15:30 Feudal Age
16:52 Double-Bit Axe
21:22 Castle Age
19:37 Stone Mining
20:33 Bloodlines
20:35 Scale Barding Armor
22:15 Medium Warships
22:59 Bow Saw
26:04 Gold Mining
28:56 Stone Shaft Mining
30:00 Chain Barding Armor
29:33 Pikeman
30:14 Squires
30:33 Fletching
34:30 Scale Mail Armor
34:41 Forging
38:29 Chain Mail Armor
38:50 Iron Casting
38:37 Horse Collar
41:12 Ballistics
42:42 Bodkin Arrow
Connection lost

Rejoining the realm…

Still unreachable

The connection could not be restored.

Session expired

The server has moved on; the page needs a fresh start.